 Dungeon Crawl Stone Soup version 0.25-a0-317-g5f8687b (webtiles) character file.

Game seed: 2955375080759622205, levelgen mode: deterministic

67 Birdy the Slasher (level 4, -3/28 HPs)
             Began as a Tengu Monk on Dec 26, 2019.
             Slain by a gnoll
             ... wielding a +0 spear
              (7 damage)
             ... on level 2 of the Dungeon.
             The game lasted 00:02:08 (1292 turns).

Birdy the Slasher (Tengu Monk)                      Turns: 1292, Time: 00:02:09

Health: -3/28      AC:  6    Str: 11    XL:     4   Next: 18%
Magic:  5/5        EV: 13    Int: 11    God:
Gold:   51         SH:  0    Dex: 17    Spells: 3/3 levels left

rFire    . . .     SeeInvis .   a - +0 falchion
rCold    . . .     Gourm    .   (no shield)
rNeg     . . .     Faith    .   e - +3 leather armour
rPois    .         Spirit   .   (helmet restricted)
rElec    .         Reflect  .   (no cloak)
rCorr    .         Harm     .   (no gloves)
MR       .....                  (boots unavailable)
Stlth    ++........             (no amulet)
HPRegen  0.09/turn              (no ring)
MPRegen  0.09/turn              (no ring)

@: no status effects
A: beak, talons 3
a: no special abilities


You were on level 2 of the Dungeon.
You were not hungry.

You visited 1 branch of the dungeon, and saw 2 of its levels.

You collected 51 gold pieces.

Inventory:

Hand Weapons
 a - a +0 falchion (weapon)
Armour
 e - a +3 leather armour (worn)
Scrolls
 b - a scroll of identify {unknown}
Comestibles
 c - 2 rations


   Skills:
 + Level 3.4 Fighting
 + Level 3.8 Long Blades
 * Level 2.3 Armour
 + Level 3.8 Dodging
 - Level 2.0 Stealth


You had 3 spell levels left.
You didn't know any spells.
Your spell library was empty.

Dungeon Overview and Level Annotations

Branches:
Dungeon (2/15)

Altars:


Innate Abilities, Weirdness & Mutations

You have a beak for a mouth.
You have claws for feet.


Message History

The gnoll hits you but does no damage. The gnoll barely misses you.
You hit the gnoll but do no damage. You claw the gnoll.
The gnoll is moderately wounded.
The gnoll barely misses you. The gnoll hits you with a +0 spear!
You hit the gnoll but do no damage.
The gnoll is moderately wounded.
The gnoll hits you with a +0 whip! The gnoll barely misses you.
The gnoll throws a throwing net.
The throwing net hits you.
You become entangled in the net!
The gnoll hits you but does no damage.
There is a stone staircase leading up, spattered with blood here.
You see here a throwing net.
You tear a large gash into the net.
The gnoll hits you from afar with a +0 spear.
* * * LOW HITPOINT WARNING * * *
You struggle against the net.
The gnoll hits you with a +0 whip.
* * * LOW HITPOINT WARNING * * *
The gnoll hits you but does no damage.
You rip the net and break free!
The gnoll closely misses you.
The gnoll hits you from afar with a +0 spear!
You die...

#### ## # ..# .# # #. #.#
##.#
###.#.#####.##'######...
.....(....#...........#.
#..@gg............♣.
#..)#...............
#.#.#..#.........)♣
#.#.#......######.#
#....#.#...#..........##)♣
#....#.#.#.#####.......)w#
+........#....#.........g#
#....#.#.#.##.#..........#.
#......#.# #(..[...........


You could see 2 gnolls.

Vanquished Creatures
  Robin (D:2)
  A gnoll (D:2)
  A worm (D:1)
  2 bats (D:1)
  2 giant cockroaches (D:1)
  7 goblins
  14 hobgoblins
  5 kobolds (D:1)
  2 frilled lizards
  3 rats (D:1)
38 creatures vanquished.

Notes
Turn   | Place    | Note
-------+----------+-------------------------------------------
     0 | D:1      | Birdy the Tengu Monk began the quest for the Orb.
     0 | D:1      | Reached XP level 1. HP: 14/14 MP: 2/2
   290 | D:1      | Reached skill level 1 in Armour
   290 | D:1      | Reached XP level 2. HP: 19/19 MP: 3/3
   623 | D:1      | Reached XP level 3. HP: 21/23 MP: 4/4
   920 | D:2      | Noticed Robin
   952 | D:2      | Killed Robin
  1151 | D:2      | Reached XP level 4. HP: 16/28 MP: 5/5
  1292 | D:2      | Slain by a gnoll

Levels and vault maps discovered:
D:1:      enne_arrival_octagon_isle, layout_basic
D:2:      layout_basic, chequers_temple_overflow_minitemple, old_standard_altar,
          serial_forest, infiniplex_forest_lined_1, infiniplex_forest_lined_2,
          infiniplex_forest_clump_large, infiniplex_forest_clump_small,
          infiniplex_forest_lined_corner, infiniplex_forest_end_2,
          infiniplex_forest_lined_3_way, uniq_robin

Skill      XL: |  1  2  3 |
---------------+----------+-----
Armour         | 1 2 |  2.3
Fighting       | |  3.4
Long Blades    | |  3.8
Dodging        | |  3.8
Stealth        | |  2.0

Action                   |  1- 3 |  4- 6 || total
-------------------------+-------+-------++-------
Melee: Falchion          |    77 |     5 ||    82
       Kick              |    28 |     2 ||    30
       Peck              |    11 |       ||    11
  Use: Potion            |     3 |       ||     3
 Stab: Sleeping          |     3 |       ||     3
  Eat: Chunk             |       |     1 ||     1
Armor: Leather armour    |    16 |     3 ||    19
Dodge: Dodged            |    61 |     8 ||    69
       Rpst.: Falchion   |    21 |     1 ||    22

Table legend:
 A = Non-vault XP
 B = Vault XP
 C = Vault XP percentage of total XP
 D = Non-vault monster count
 E = Vault monster count
 F = Vault count percentage of total count
                 A         B        C        D         E       F
            +---------+---------+-------+---------+---------+-------
      Total |      60 |      37 |  38.1 |      26 |      12 |  31.6
            +---------+---------+-------+---------+---------+-------
        D:1 |      43 |       0 |   0.0 |      23 |       0 |   0.0
        D:2 |      17 |      37 |  68.5 |       3 |      12 |  80.0
            +---------+---------+-------+---------+---------+-------
